 Dungeon Sprint DCSS version 0.19-a0-1827-g174f941 (webtiles) character file.

7600000 Theye the Conqueror (level 27, -22/249 HPs)
             Began as a Demonspawn Fighter on Oct 7, 2016.
             Was the Champion of Makhleb.
             Annihilated by a destroyer
             ... wielding a +9 great sword of slicing
              (53 damage)
             ... in the Dungeon (Sprint VIII: "Arena of Blood").
             The game lasted 00:02:10 (76 turns).

Theye the Conqueror (Demonspawn Fighter)              Turns: 76, Time: 00:02:11

Health: -22/249    AC: 13    Str: 19    XL:     27
Magic:  31/54      EV: 32    Int: 11    God:    Makhleb [******]
Gold:   0          SH:  8    Dex: 22    Spells: 0 memorised, 80 levels left

rFire  . . .     SeeInvis .     l - +∞ Axe of Woe
rCold  + . .     Gourm    .     b - +0 scale mail
rNeg   . . .     Faith    .     (shield currently unavailable)
rPois  .         Spirit   .     (no helmet)
rElec  .         Dismiss  .     (no cloak)
rCorr  .         Reflect  .     (gloves unavailable)
MR     ++...     Harm     .     (no boots)
Stlth  ++++++++++ NoTele   +    (no amulet)
                                (no ring)
                                (no ring)

@: no status effects
A: claws 3, large bone plates 3, cold resistance 1, foul stench 2, nightstalker
3, passive freeze, rot immunity, freezing cloud immunity
a: Minor Destruction, Lesser Servant of Makhleb, Major Destruction, Greater
Servant of Makhleb, Renounce Religion


You were in the Dungeon.
You worshipped Makhleb.
Makhleb was exalted by your worship.
You were not hungry.

You visited 1 branch

Inventory:

Hand Weapons
 a - a +0 war axe
 l - the +∞ Axe of Woe (weapon)
   (You found it in the Dungeon)
Armour
 b - a +0 scale mail (worn)
 c - a +0 shield
Scrolls
 k - a scroll of blinking
Potions
 d - a potion of might
 e - a potion of curing
 g - a potion of heal wounds
 h - a potion of haste
 i - 2 potions of magic
 j - a potion of berserk rage
Comestibles
 f - a bread ration


   Skills:
 O Level 27 Fighting
 O Level 27 Axes
 O Level 27 Throwing
 O Level 27 Armour
 O Level 27 Dodging
 O Level 27 Stealth
 O Level 27 Shields
 O Level 27 Unarmed Combat
 O Level 27 Spellcasting
 O Level 27 Invocations


You had 80 spell levels left.
You didn't know any spells.

Dungeon Overview and Level Annotations

Branches:
Dungeon (1/1)

Altars:
Makhleb


Innate Abilities, Weirdness & Mutations

You have claws for hands.
You are completely covered in large bone plates. (SH +8)
Your flesh is cold resistant. (rC+)
You frequently emit foul miasma when damaged in melee.
You are completely attuned to the shadows.
A frigid envelope surrounds you and freezes all who hurt you.
You are immune to rotting.
You are immune to freezing clouds.


Message History

Items here: ))) === †† Unknown command.
The destroyer shouts!
You hit the bag of meat. You chop the bag of meat into pieces.
You kill the bag of meat!
Makhleb accepts your kill.
You feel better.
You hear a shout!
You hear an angry squeal.
You hear a shout! x6
A meat beast comes into view.
An orc and a vampire knight come into view.
The destroyer is wielding a +9 great sword of slicing.
You hear a shout! x2
The meat beast bites you!
The meat beast is very cold.
The meat beast is lightly wounded.
The destroyer shouts!
The meat beast misses you.
The destroyer hits you with a +9 great sword of slicing!!!!!
Ouch! That really hurt!
* * * LOW HITPOINT WARNING * * *
You die...

#.......# .
#.....V.#
..###.... ..###.
......)###......
......))_)).....
....o#.))))#..§
.....#W)<._# .
.....#))...#
....V@.._.....
......2###......
.###.... ..###.
#.......#
#...V...# .. ..


You could see a meat beast, 2 destroyers, a dread and a bag of meat (wandering).

Vanquished Creatures
  12 vampire knights (D)
  20 ogres (D)
  2 liches (D)
  18 orcs (D)
  3 hill giants (D)
55 creatures vanquished.

Notes
Turn   | Place    | Note
-------+----------+-------------------------------------------
     0 | D        | Theye the Demonspawn Fighter began the quest for the Orb.
     0 | D        | Reached XP level 1. HP: 18/18 MP: 1/1
     2 | D        | Noticed a bag of meat
     2 | D        | Noticed a bag of meat
     3 | D        | Noticed a bag of meat
     5 | D        | Noticed a bag of meat
     6 | D        | Noticed a meat berserker
     6 | D        | Noticed a meat berserker
     8 | D        | Noticed a meat berserker
     8 | D        | Killed a meat berserker
     8 | D        | Gained mutation: You are slightly more attuned to the shadows. [demonic ancestry]
     8 | D        | Reached XP level 2. HP: 47/47 MP: 2/2
     8 | D        | Gained mutation: You are partially covered in large bone plates. (SH +4) [demonic ancestry]
     8 | D        | Reached XP level 3. HP: 53/53 MP: 3/3
     8 | D        | Reached XP level 4. HP: 60/60 MP: 4/4
     8 | D        | Gained mutation: You have sharp fingernails. [demonic ancestry]
     8 | D        | Reached XP level 5. HP: 67/67 MP: 5/5
     8 | D        | Gained mutation: You are significantly more attuned to the shadows. [demonic ancestry]
     8 | D        | Reached XP level 6. HP: 74/74 MP: 6/6
     8 | D        | Reached XP level 7. HP: 80/80 MP: 7/7
     8 | D        | Reached XP level 8. HP: 87/87 MP: 8/8
     8 | D        | Reached XP level 9. HP: 94/94 MP: 9/9
     8 | D        | Gained mutation: You are mostly covered in large bone plates. (SH +6) [demonic ancestry]
     8 | D        | Reached XP level 10. HP: 101/101 MP: 10/10
     8 | D        | Gained mutation: You are immune to rotting. [demonic ancestry]
     8 | D        | Reached XP level 11. HP: 107/107 MP: 11/11
     8 | D        | Reached XP level 12. HP: 114/114 MP: 12/12
     8 | D        | Reached XP level 13. HP: 121/121 MP: 13/13
     9 | D        | Killed a meat berserker
     9 | D        | Gained mutation: You may emit foul miasma when damaged in melee. [demonic ancestry]
     9 | D        | Reached XP level 14. HP: 106/135 MP: 14/14
     9 | D        | Killed a bag of meat
     9 | D        | Killed a bag of meat
     9 | D        | Reached XP level 15. HP: 115/146 MP: 15/15
    10 | D        | Noticed a meat berserker
    10 | D        | Killed a meat berserker
    10 | D        | Gained mutation: You frequently emit foul miasma when damaged in melee. [demonic ancestry]
    10 | D        | Reached XP level 16. HP: 126/160 MP: 16/16
    11 | D        | Noticed a meat berserker
    12 | D        | Killed a meat berserker
    12 | D        | Reached XP level 17. HP: 136/171 MP: 17/17
    13 | D        | Became a worshipper of Makhleb the Destroyer
    14 | D        | Killed a meat berserker
    14 | D        | Reached skill level 27 in Fighting
    14 | D        | Reached * piety under Makhleb
    20 | D        | Noticed a meat berserker
    20 | D        | Reached skill level 27 in Axes
    20 | D        | Gained mutation: You have very sharp fingernails. [demonic ancestry]
    20 | D        | Reached XP level 18. HP: 148/182 MP: 18/18
    23 | D        | Killed a meat berserker
    23 | D        | Reached skill level 27 in Armour
    23 | D        | Reached skill level 27 in Shields
    25 | D        | Noticed a large bag of meat
    27 | D        | Killed a large bag of meat
    27 | D        | Reached ** piety under Makhleb
    28 | D        | Noticed a meat berserker
    28 | D        | Noticed a meat berserker
    28 | D        | Noticed a meat berserker
    28 | D        | Noticed a destroyer
    28 | D        | Noticed a destroyer
    29 | D        | Noticed a destroyer
    29 | D        | Killed a destroyer
    29 | D        | Gained mutation: Your flesh is cold resistant. (rC+) [demonic ancestry]
    29 | D        | Reached XP level 19. HP: 60/189 MP: 18/35
    31 | D        | Killed a meat berserker
    31 | D        | Reached skill level 15 in Dodging
    31 | D        | Reached skill level 15 in Spellcasting
    31 | D        | Killed a meat berserker
    31 | D        | Reached *** piety under Makhleb
    31 | D        | Reached XP level 20. HP: 147/197 MP: 18/41
    31 | D        | Killed a destroyer
    32 | D        | Noticed a meat berserker
    32 | D        | Noticed a destroyer
    32 | D        | Killed a meat berserker
    32 | D        | Reached skill level 27 in Invocations
    32 | D        | Killed a destroyer
    32 | D        | Reached **** piety under Makhleb
    32 | D        | Gained mutation: You are immune to freezing clouds. [demonic ancestry]
    32 | D        | Reached XP level 21. HP: 200/204 MP: 18/49
    34 | D        | Reached skill level 27 in Stealth
    36 | D        | Noticed a destroyer
    37 | D        | Reached ***** piety under Makhleb
    37 | D        | Reached skill level 27 in Dodging
    37 | D        | Reached skill level 27 in Spellcasting
    39 | D        | Noticed a destroyer
    39 | D        | Killed a destroyer
    39 | D        | Reached XP level 22. HP: 202/212 MP: 20/53
    39 | D        | Killed a destroyer
    40 | D        | Noticed a destroyer
    41 | D        | Noticed a destroyer
    41 | D        | Gained mutation: You have claws for hands. [demonic ancestry]
    41 | D        | Reached XP level 23. HP: 168/219 MP: 21/54
    44 | D        | Noticed a destroyer
    45 | D        | Killed a destroyer
    45 | D        | Reached skill level 27 in Throwing
    45 | D        | Reached skill level 27 in Unarmed Combat
    45 | D        | Killed a destroyer
    45 | D        | Killed a destroyer
    45 | D        | Gained mutation: You are completely covered in large bone plates. (SH +8) [demonic ancestry]
    45 | D        | Reached XP level 24. HP: 227/227 MP: 22/54
    46 | D        | Noticed a destroyer
    49 | D        | Reached ****** piety under Makhleb
    50 | D        | Reached XP level 25. HP: 234/234 MP: 23/54
    50 | D        | Killed a destroyer
    54 | D        | Killed a destroyer
    54 | D        | Gained mutation: You are completely attuned to the shadows. [demonic ancestry]
    54 | D        | Reached XP level 26. HP: 242/242 MP: 24/54
    55 | D        | Noticed a tyrant
    57 | D        | Killed a tyrant
    60 | D        | Noticed a destroyer
    61 | D        | Noticed a tyrant
    61 | D        | Gained mutation: A frigid envelope surrounds you and freezes all who hurt you. [demonic ancestry]
    61 | D        | Reached XP level 27. HP: 249/249 MP: 26/54
    63 | D        | Killed a tyrant
    67 | D        | Killed a destroyer
    68 | D        | Noticed a destroyer
    70 | D        | Killed a destroyer
    72 | D        | Noticed a dread
    75 | D        | Noticed a destroyer
    76 | D        | Noticed a meat beast
    76 | D        | Noticed a destroyer
    76 | D        | Annihilated by a destroyer

Vault maps used:
D:        meatsprint

Skill      XL: |  1  2  3  4  5  6  7  8  9 10 11 12 13 14 15 16 17 18 19 20 21 22 23 |
---------------+----------------------------------------------------------------------+-----
Fighting       | 17 20 21 24 26 27 | 27.0
Axes           | 13 16 18 21 23 27 | 27.0
Armour         | 16 18 20 22 24 26 27 | 27.0
Shields        | 16 18 19 21 23 25 27 | 27.0
Dodging        | 12 17 24 27 | 27.0
Stealth        | 13 18 25 27 | 27.0
Spellcasting   | 12 17 24 27 | 27.0
Invocations    | 17 23 27 | 27.0
Throwing       | 16 23 27 | 27.0
Unarmed Combat | 16 23 27 | 27.0

Action                   |  1- 3 |  4- 6 |  7- 9 | 10-12 | 13-15 | 16-18 | 19-21 | 22-24 | 25-27 || total
-------------------------+-------+-------+-------+-------+-------+-------+-------+-------+-------++-------
Melee: Executioner's axe |     1 |       |       |       |     2 |     6 |     6 |     7 |    14 ||    36
Invok: Greater Servant o |       |       |       |       |       |       |     1 |       |       ||     1
Armor: Scale mail        |       |       |       |       |       |       |       |     1 |       ||     1
Dodge: Dodged            |       |       |       |       |       |       |     1 |       |     3 ||     4
